 Dungeon Crawl Stone Soup version 0.17-a0-1748-g222fba8 (webtiles) character file.

1136 gp7 the Schismatic (level 8, -3/62 HPs)
             Began as a Demonspawn Abyssal Knight on Sept 2, 2015.
             Was an Elder of Lugonu.
             Slain by an ogre
             ... wielding a +0 giant club
              (19 damage)
             ... on level 6 of the Dungeon.
             The game lasted 00:17:02 (5163 turns).

gp7 the Schismatic (Demonspawn Abyssal Knight)      Turns: 5163, Time: 00:17:03

Health: -3/62      AC:  5    Str: 15    XL:     8   Next: 14%
Magic:  12/12      EV: 12    Int: 13    God:    Lugonu [****..]
Gold:   139        SH:  0    Dex: 15    Spells: 0 memorised, 7 levels left

rFire  . . .     SeeInvis .     n - +0 scythe
rCold  . . .     Clarity  .     j - +0 ring mail
rNeg   . . .     SustAt   .     (no shield)
rPois  .         Gourm    .     (helmet restricted)
rElec  .         Spirit   .     (no cloak)
rCorr  .         Warding  .     (no gloves)
rMut   .         Stasis   .     (no boots)
MR     +....                    (no amulet)
Stlth  ++........               (no ring)
                                r - ring of protection from magic

@: somewhat resistant to hostile enchantments, unstealthy
A: horns 1, thin skeletal structure 1, demonic guardian 1, powered by death 1
a: Depart the Abyss, Bend Space, Banish, Corrupt, Renounce Religion


You were on level 6 of the Dungeon.
You worshipped Lugonu.
Lugonu was greatly pleased with you.
You were not hungry.

You visited 1 branch of the dungeon, and saw 6 of its levels.
You visited the Abyss 1 time.

You collected 139 gold pieces.

Inventory:

Hand weapons
 a - a +1 spear
 n - a +0 scythe (weapon)
Armour
 j - a +0 ring mail (worn)
Jewellery
 r - a ring of protection from magic (left hand)
Magical devices
 k - a wand of digging (5)
 q - a wand of frost (20)
Scrolls
 d - 2 scrolls of teleportation
 e - 5 scrolls of identify
 h - a scroll of enchant armour {unknown}
 m - a scroll of blinking
Potions
 f - a potion of agility {unknown}
 g - 5 potions of might {unknown}
 l - a potion of brilliance {unknown}
 o - 5 potions of heal wounds {unknown}
 p - a potion of degeneration {unknown}
 s - a potion of mutation {unknown}
 t - 2 potions of flight {unknown}
Comestibles
 b - a fruit
 c - 8 bread rations
 i - 2 beef jerkies


   Skills:
 + Level 5.3 Fighting
 + Level 4.2 Polearms
 + Level 3.8 Armour
 + Level 3.7 Dodging
 + Level 2.0 Stealth
 + Level 5.8 Invocations


You had 7 spell levels left.
You didn't know any spells.

Dungeon Overview and Level Annotations

Branches:
Dungeon (6/15)             Temple (0/1) D:4

Altars:
Nemelex Xobeh
Ru
Yredelemnul
Zin

Annotations:
D:6 Pikel


Innate Abilities, Weirdness & Mutations

You have a pair of small horns on your head.
You have a somewhat thin skeletal structure (Dex +2, Stealth).
A weak demonic guardian rushes to your aid.
You regenerate a little health from kills.


Message History

A shadow imp comes into view.
The slave barely misses you.
There is an escape hatch in the floor here.
You can't go up here!
The ogre hits you but does no damage. Pikel hits you with a whip of freezing.
Pikel freezes you. The slave closely misses you.
You slide downwards.
The hatch slams shut behind you.
A giant frog comes into view.
You hit Pikel.
Pikel is lightly wounded.
Pikel closely misses you. The slave hits you.
The ogre hits you with a giant club. The slave hits you. The slave hits you.
Pikel hits you with a whip of freezing! Pikel freezes you. The slave hits you!
* * * LOW HITPOINT WARNING * * *
The ogre misses you.
You hit the plant.
The plant is lightly damaged.
The slave barely misses you. Pikel barely misses you.
The slave barely misses you. The ogre hits you with a giant club!!
You die...

########
##.P..pP##
F...P.p@K#
.P.≈P.POP.#
P.≈≈≈.....P#
≈≈≈≈≈≈≈≈...#
≈≈≈≈#≈≈#≈.P#
≈≈≈≈#≈≈ ≈≈.#
#≈≈ #≈≈ ≈≈≈#
## ### ≈≈##


You could see Pikel, an ogre, 2 slaves and a giant frog (sleeping).

Vanquished Creatures
  Sigmund (D:3)
  Menkaure (D:5)
  A phantom (D:5)
  2 ogres (D:4)
  A scorpion (D:4)
  A water moccasin skeleton (D:4)
  3 hounds
  A giant frog skeleton (D:5)
  An orc priest (D:3)
  Ijyb (D:2)
  2 worker ants (D:4)
  A hound skeleton (D:5)
  6 adders
  An ooze (D:3)
  2 adder zombies
  6 worms
  3 giant geckos
  11 orcs
  11 bats
  7 giant cockroaches
  3 hobgoblins
  3 jackals (D:3)
  8 kobolds
  A quokka (D:3)
  A giant gecko skeleton (D:5)
  9 giant newts
  5 goblins
  6 rats
99 creatures vanquished.

Vanquished Creatures (collateral kills)
  An ogre (D:4)
  An orc priest (D:4)
2 creatures vanquished.

Vanquished Creatures (others)
  An ogre (D:4)
1 creature vanquished.

Grand Total: 102 creatures vanquished

Notes
Turn   | Place    | Note
--------------------------------------------------------------
     0 | Abyss:1  | gp7 the Demonspawn Abyssal Knight began the quest for the Orb.
     0 | Abyss:1  | Reached XP level 1. HP: 18/18 MP: 2/2
    15 | D:1      | Escaped the Abyss
   113 | D:1      | Reached skill level 1 in Dodging
   378 | D:1      | Gained mutation: You have a pair of small horns on your head. [demonic ancestry]
   378 | D:1      | Reached XP level 2. HP: 12/24 MP: 3/3
   760 | D:2      | Acquired Lugonu's second power
   909 | D:2      | Found a sparkling altar of Nemelex Xobeh.
  1104 | D:2      | Gained mutation: You have a somewhat thin skeletal structure (Dex +2, Stealth). [demonic ancestry]
  1104 | D:2      | Reached XP level 3. HP: 4/29 MP: 4/4
  1323 | D:2      | Found a sacrificial altar of Ru.
  1411 | D:2      | Found a glowing silver altar of Zin.
  1466 | D:2      | Found a basalt altar of Yredelemnul.
  1733 | D:3      | Noticed Ijyb
  1771 | D:2      | Killed Ijyb
  1771 | D:2      | Reached XP level 4. HP: 8/36 MP: 4/6
  2426 | D:3      | Noticed Sigmund
  2439 | D:3      | Killed Sigmund
  2439 | D:3      | Reached skill level 4 in Fighting
  2439 | D:3      | Reached XP level 5. HP: 23/42 MP: 6/8
  2487 | D:3      | Gained mutation: You regenerate a little health from kills. [demonic ancestry]
  2487 | D:3      | Reached XP level 6. HP: 17/48 MP: 9/9
  2836 | D:3      | Acquired Lugonu's third power
  3634 | D:4      | Gained mutation: A weak demonic guardian rushes to your aid. [demonic ancestry]
  3634 | D:4      | Reached XP level 7. HP: 37/55 MP: 10/10
  3997 | D:4      | Reached skill level 1 in Stealth
  3997 | D:4      | Reached skill level 5 in Invocations
  4015 | D:4      | Found a staircase to the Ecumenical Temple.
  4234 | D:4      | Reached skill level 5 in Fighting
  4715 | D:5      | Entered Level 5 of the Dungeon
  4715 | D:5      | Noticed Menkaure
  4722 | D:5      | Killed Menkaure
  4722 | D:5      | Acquired Lugonu's fourth power
  4749 | D:5      | Reached XP level 8. HP: 33/62 MP: 12/12
  5155 | D:5      | Noticed Pikel
  5163 | D:6      | Slain by an ogre

Vault maps used:
D:1:      dpeg_arrival_pond
D:2:      nemelex_xobeh_ov_fountains_minmay, old_standard_altar,
          overflow_temple_1_default, yredelemnul_altar_generic
D:3:      first_bread, uniq_sigmund, uniq_iyjb
D:4:      minmay_temple_entry_large_hall
D:5:      uniq_prince_ribbit1, uniq_edmund, uniq_menkaure, uniq_pikel
D:6:      wad_lake_hut
Abyss:1:  eino_small_chamber_without_monster

Action                   |  1- 3 |  4- 6 |  7- 9 || total
-------------------------+-------+-------+-------++-------
Melee: Spear             |   149 |    68 |       ||   217
       Scythe            |       |    82 |    88 ||   170
Invok: Banish            |       |       |     1 ||     1
  Use: Scroll            |     2 |     4 |     1 ||     7
       Potion            |       |     1 |       ||     1
 Stab: Sleeping          |     2 |     1 |     2 ||     5
       Distracted        |       |       |     2 ||     2
  Eat: Chunk             |     3 |     4 |       ||     7
       Pizza             |       |     1 |       ||     1
       Meat ration       |       |     1 |       ||     1
       Beef jerky        |       |       |     1 ||     1
